 Dungeon Crawl Stone Soup version 0.28-b1-1-g3c77fb2 (webtiles) character file.

Game seed: 6978708711893424999

669 Host24 the Quickloader (level 7, -6/41 HPs)
             Began as a Kobold Hunter on Jan 29, 2022.
             Was a Follower of Okawaru.
             Mangled by a wraith (7 damage)
             ... in an ossuary.
             The game lasted 00:20:39 (5454 turns).

Host24 the Quickloader (Kobold Hunter)              Turns: 5454, Time: 00:20:39

Health: -6/41      AC:  9    Str: 13    XL:     7   Next: 89%
Magic:  7/7        EV: 14    Int: 15    God:    Okawaru [*.....]
Gold:   117        SH:  0    Dex: 16    Spells: 6/6 levels left

rFire   . . .      SeeInvis .   w - +4 short sword "Ecwosu" {drain, Will+ Str-4 Int+3 Stlth+}
rCold   . . .      Faith    .   (no shield)
rNeg    + . .      Spirit   .   z - +3 ring mail
rPois   .          Reflect  .   y - +0 helmet
rElec   .          Harm     .   (no cloak)
rCorr   .          Rampage  .   t - +0 pair of gloves
Will    +....                   (no boots)
Stlth   +++.......              (no amulet)
HPRegen 0.13/turn               C - +6 ring of strength
MPRegen 0.10/turn               E - ring of positive energy

@: slowed, very slow
A: small, no large weapons, nightstalker 3, iridescent scales 1, deformed body,
deterioration 1
a: Renounce Religion, Heroism


You were in an ossuary.
You worshipped Okawaru.
Okawaru was aware of your devotion.
You visited 2 branches of the dungeon, and saw 6 of its levels.
You also visited: Ossuary.

You collected 117 gold pieces.

Inventory:

Hand Weapons
 a - a +1 hand crossbow
 g - a +0 arbalest
 j - a +1 dagger of venom
 o - a +0 dagger of pain
 w - the +4 short sword "Ecwosu" (weapon) {drain, Will+ Str-4 Int+3 Stlth+}
   (You found it on level 3 of the Dungeon)

   A truly terrible weapon, it drains the life of any living foe it strikes.
   Str:       It affects your strength (-4).
   Int:       It affects your intelligence (+3).
   Will:      It increases your willpower.
   Stlth:     It makes you more stealthy.
 F - a +1 vorpal flail
Missiles
 f - 91 stones
 i - 6 javelins
 n - 40 arrows
 r - 24 sling bullets
Armour
 t - a +0 pair of gloves (worn)
 y - a +0 helmet (worn)
 z - a +3 ring mail (worn)
Jewellery
 C - a +6 ring of strength (left hand)
 E - a ring of positive energy (right hand)
Wands
 m - a wand of paralysis (6)
 p - a wand of polymorph (3)
 u - a wand of digging (13)
 G - a wand of iceblast (7) (quivered)
 K - a wand of mindburst (11)
Scrolls
 e - 2 scrolls of blinking {unknown}
 h - 3 scrolls of teleportation {unknown}
 l - 2 scrolls of magic mapping {unknown}
 q - 2 scrolls of immolation {unknown}
 D - 2 scrolls of enchant weapon {unknown}
 H - 2 scrolls of amnesia {unknown}
 I - 2 scrolls of holy word {unknown}
 M - 3 scrolls of identify
Potions
 c - a potion of resistance
 s - a potion of invisibility
 x - a potion of lignification
 J - 2 potions of brilliance
 L - a potion of magic


   Skills:
 - Level 3.0 Fighting
 + Level 9.9 Crossbows
 - Level 4.0 Dodging
 - Level 2.0 Stealth


You had 6 spell levels left.
You didn't know any spells.
Your spell library contained the following spells:

 Spells                   Type           Power      Damage    Failure   Level
 Beastly Appendage        Tmut           0%         N/A       52%         1
 Freeze                   Ice            0%         1d3       52%         1
 Wereblood                Tmut           0%         N/A       65%         2
 Frozen Ramparts          Ice            0%         1d2       87%         3
 Spider Form              Tmut/Pois      0%         N/A       87%         3
 Hailstorm                Conj/Ice       0%         3d3       99%         4
 Conjure Ball Lightning   Conj/Air       0%         3x3d6     100%        6
 Discord                  Hex            0%         N/A       100%        8
 Disjunction              Tloc           0%         N/A       100%        8


Dungeon Overview and Level Annotations

Branches:
Dungeon (5/15)             Temple (1/1) D:4         Ossuary (1/1)

Altars:
Cheibriados
Elyvilon
Fedhas
Hepliaklqana
Kikubaaqudgha
Makhleb
Nemelex Xobeh
Okawaru
Qazlal
Uskayaw
Vehumet
Wu Jian
Xom
The Shining One

Shops:
D:4 =   D:5 ?

Annotations:
D:5 Prince Ribbit


Innate Abilities, Weirdness & Mutations

You are small and have problems with some larger weapons.
You are completely attuned to the shadows.
You are partially covered in iridescent scales. (AC +2)
Armour fits poorly on your strangely shaped body.
Your body sometimes deteriorates upon taking damage.


Message History

It was a scroll of fear.
The wraith hits you but does no damage. The wraith barely misses you.
As you read the scroll labelled GULLAMAU JILAC, it crumbles to dust.
Your body is wracked with pain!
* * * LOW HITPOINT WARNING * * *
It was a scroll of torment.
The wraith hits you.
* * * LOW HITPOINT WARNING * * *
The wraith drains your vigour!
You feel as though you will be slow longer.
Okay, then.
Really quaff the potion of mutation?
You feel extremely strange.
Your body twists and deforms.
You feel yourself wasting away.
Iridescent scales grow over part of your body.
The wraith barely misses you. x2
Throw: 91 stones
Press: ? - help, Q - select action, (/) - cycle Shift-Dir - straight line, f/p - wraith
Aim: a wraith (almost destroyed, 60% to hit)
Okay, then.
Unknown command.
Aiming: Mindburst
Press: ? - help, Q - select action, (/) - cycle Shift-Dir - straight line, f/p - wraith
Aim: a wraith (almost destroyed, chance to affect: 29%)
Okay, then.
Aiming: Paralyse
Press: ? - help, Q - select action, (/) - cycle Shift-Dir - straight line, f/p - wraith
Aim: a wraith (almost destroyed, chance to affect: 17%)
Okay, then.
Aiming: Polymorph
Press: ? - help, Q - select action, (/) - cycle Shift-Dir - straight line, f/p - wraith
Aim: a wraith (almost destroyed, not susceptible)
Okay, then.
Okay, then.
Aiming: Iceblast
Press: ? - help, Q - select action, (/) - cycle Shift-Dir - straight line, p - wraith The mass of ice explodes!
The iceblast engulfs the wraith.
The wraith is almost destroyed.
You hear a hideous shriek!
The wraith hits you!
You die...

#################
#...............#
#.'##..###..##(.#
#.#.#..#z#..#(#.# ###
#.###..###.@###.# #W#
#...........W...#
##▓###.###.......###.#
.....'.# #.......#z#.#
##▓###.###.......###.#
#z# #...............#
### #.###..###..###.#
#.#.#..#z#..#.#.#
#.)##..###..##).#


You could see a wraith.

Vanquished Creatures
  A wraith (Ossuary)
  An ogre (D:4)
  Blork the orc (D:4)
  A scorpion (D:4)
  2 wights (Ossuary)
  A centaur zombie (D:4)
  A bullfrog skeleton (D:5)
  An iguana (D:4)
  Robin (D:3)
  2 adders
  An adder zombie (Ossuary)
  3 worms
  3 dart slugs
  8 orcs
  6 ball pythons
  7 bats
  2 endoplasms (D:4)
  4 giant cockroaches
  10 goblins
  11 hobgoblins
  7 jackals
  5 quokkas
  4 ball python skeletons (Ossuary)
  2 frilled lizards
  5 kobolds
  3 kobold zombies (Ossuary)
  An orc skeleton (Ossuary)
  An orc zombie (Ossuary)
  3 rats
98 creatures vanquished.

Notes
Turn   | Place    | Note
-------+----------+-------------------------------------------
     0 | D:1      | Host24 the Kobold Hunter began the quest for the Orb.
     0 | D:1      | Reached XP level 1. HP: 12/12 MP: 1/1
    62 | D:1      | Reached skill level 5 in Crossbows
   120 | D:1      | Reached XP level 2. HP: 8/17 MP: 2/2
  1077 | D:1      | Reached XP level 3. HP: 22/22 MP: 3/3
  1903 | D:2      | Reached XP level 4. HP: 18/28 MP: 4/4
  2250 | D:2      | Found a faded altar of an unknown god.
  2784 | D:3      | Identified the +4 short sword "Ecwosu" {drain, Will+ Str-4
                  | Int+3 Stlth+}
  2909 | D:3      | Found a hazy altar of Hepliaklqana.
  2965 | D:3      | Noticed Robin
  2973 | D:3      | Reached skill level 6 in Crossbows
  3014 | D:3      | Killed Robin
  3168 | D:3      | Reached XP level 5. HP: 28/32 MP: 5/5
  3549 | D:4      | Noticed an ogre
  3581 | D:4      | Found Uroqeux's Jewellery Shoppe.
  3639 | D:4      | Found an ancient bone altar of Kikubaaqudgha.
  3696 | D:4      | Noticed Blork the orc
  3923 | D:4      | Reached skill level 7 in Crossbows
  3923 | D:4      | Reached XP level 6. HP: 37/37 MP: 6/6
  3987 | D:4      | Found a staircase to the Ecumenical Temple.
  4061 | Temple   | Entered the Ecumenical Temple
  4274 | Temple   | Became a worshipper of Warmaster Okawaru
  4528 | D:4      | Killed an ogre
  4529 | D:4      | Reached skill level 8 in Crossbows
  4570 | D:4      | Killed Blork the orc
  4571 | D:4      | Reached XP level 7. HP: 41/41 MP: 7/7
  4584 | D:5      | Entered Level 5 of the Dungeon
  4609 | D:5      | Noticed Prince Ribbit
  4622 | D:5      | Found a radiant altar of Vehumet.
  4633 | D:5      | Found a sparkling altar of Nemelex Xobeh.
  4738 | D:5      | Found a sand-covered staircase.
  4831 | D:5      | Found Tygemu's Magic Scroll Shoppe.
  4900 | Ossuary  | Entered an ossuary
  5030 | Ossuary  | Noticed a wraith
  5030 | Ossuary  | Noticed a flying skull
  5044 | Ossuary  | Noticed a flying skull
  5060 | Ossuary  | Reached skill level 9 in Crossbows
  5140 | Ossuary  | Noticed a flying skull
  5144 | Ossuary  | Noticed a wraith
  5163 | Ossuary  | Killed a wraith
  5163 | Ossuary  | Reached * piety under Okawaru
  5394 | Ossuary  | Noticed a flying skull
  5420 | Ossuary  | Noticed a wraith
  5452 | Ossuary  | HP: 1/41 [wraith (6)]
  5453 | Ossuary  | Gained mutation: Armour fits poorly on your strangely
                  | shaped body. [potion of mutation]
  5453 | Ossuary  | Gained mutation: Your body sometimes deteriorates upon
                  | taking damage. [potion of mutation]
  5453 | Ossuary  | Gained mutation: You are partially covered in iridescent
                  | scales. (AC +2) [potion of mutation]
  5454 | Ossuary  | Mangled by a wraith

Illustrated notes

Levels and vault maps discovered:
D:1:      minmay_arrival_doors, layout_basic
D:2:      layout_basic, ebering_ecumenical_altar_sacrificial,
          kennysheep_generic_room_4
D:3:      layout_loops_ring, lemuel_coloured_pillars_altar, uniq_robin
D:4:      layout_basic, lemuel_round_altar, minmay_temple_entry_junction,
          serial_shops, shop, serial_corexii_hall, corexii_hall_statues_x,
          corexii_hall_statues_x, uniq_blork_the_orc
D:5:      layout_rooms, nicolae_overflow_quartered_altars,
          nicolae_ossuary_entry_plus, serial_shops, nicolae_take_the_stairs,
          gammafunk_ghost_arena, corexii_hall_statues_l, kennysheep_boxes,
          uniq_prince_ribbit1
Temple:   jpeg_temple_alley_garden
Ossuary:  ossuary_due_cavern

Skill      XL: |  1  2  3  4  5  6  7 |
---------------+----------------------+-----
Crossbows      | 5 6 7 8 9 |  9.9
Dodging        | 3 4 |  4.0
Fighting       | 3 |  3.0
Stealth        | 2 |  2.0

Action                   |  1- 3 |  4- 6 |  7- 9 || total
-------------------------+-------+-------+-------++-------
Melee: Short sword       |    68 |    75 |    35 ||   178
       Dagger            |    23 |    23 |       ||    46
       Punch             |     2 |       |       ||     2
 Fire: Hand crossbow     |     8 |    11 |    41 ||    60
Invok: Heroism           |       |       |     2 ||     2
Evoke: Wand              |       |       |     1 ||     1
  Use: Scroll            |       |       |     7 ||     7
       Potion            |       |       |     7 ||     7
 Stab: Sleeping          |    13 |    12 |     3 ||    28
Armor: Leather armour    |    14 |     3 |       ||    17
       Ring mail         |       |    28 |    23 ||    51
       Skin              |       |       |    10 ||    10
Dodge: Dodged            |    69 |    81 |    43 ||   193
